cohdb
Replays
Latest Replays
All Replays
Popular Replays
Top Player Replays
Match Explorer
How It Works
Community
CoH3 Stats
Reddit
Sign in to upload your games and track your stats! →
Sign in with Steam
Match 41105095
Unlisted
Match 41105095
Overview
Messages
Build Orders
End
Construct Infanterie Kompanie
Selects Terror Battlegroup
Selects Machine Gun Camouflage
MG 42 Machine Gun Team
Grenadier Squad
Grenadier Squad
Construct Panzergrenadier Kompanie
Panzergrenadier Squad
Panzergrenadier Squad
251 Medium Carrier
Selects Contempt for the Weak
Selects Jericho Trumpet
MG 42 Machine Gun Team
Support Elements
Panzergrenadier Squad
StuG III G Assault Gun
Panzergrenadier Officer Quarters
StuG III G Assault Gun
Pioneer Squad
251 Medium Carrier
Selects V1 Rocket Strike
V1 Rocket Strike
Selects Defend the Fatherland
Construct Panzer Kompanie
Sturmpanzer IV Brummbär
DarTH Vader
ALI
Shlong of Democracy
R{I}P
STALKER4732
SoyaLors
ezh
Chubbybro
0
0
Comments
sign in to comment!
No comments posted yet!